Map: King Sejong Station LE

Players

Sieucau - Winner!

  • Race: Terran Terran
  • League: Gold

Nickos

  • Race: Terran Terran
  • League: Gold

VOD

Have the link to the VOD?

Description

Time

  • Played on: Sept. 15, 2016, 9:19 a.m.
  • Length: 26:12
Show
View Real Time Build Order
Export as new Build Order

Sieucau Terran - Winner!

Build Orders: Reaper Expand, Bio Tank 

Get SALT Encoding   

  12  0:01  SCV  
  13  0:18  Supply Depot, SCV  
  14  0:30  SCV  
  15  0:42  Barracks  
  15  0:45  Refinery  
  15  0:46  SCV  
  16  0:58  SCV  
  17  1:10  SCV  
  18  1:22  SCV  
  19  1:28  Refinery  
  19  1:47  Reaper  
  19  1:48  Supply Depot  
  20  1:57  SCV  
  20  1:58  Command Center  
  21  2:11  Orbital Command  
  21  2:22  Factory  
  21  2:45  Marine  
  22  2:57  SCV  
  23  3:04  Marine  
  24  3:09  SCV  
  25  3:18  Factory Tech Lab  
  24  3:20  Orbital Command  
  24  3:21  SCV  
  24  3:30  Barracks  
  23  3:38  SCV  
  23  3:40  Siege Tank  
  26  3:47  Orbital Command  
  26  3:48  Barracks Reactor  
  26  3:59  SCV  
  27  4:13  Engineering Bay  
  27  4:16  Supply Depot  
  27  4:30  Marine x2  
  29  4:35  SCV  
  29  4:36  SCV  
  29  4:37  Barracks Tech Lab  
  29  4:38  Starport  
  31  4:39  Siege Tank  
  34  4:47  SCV  
  34  4:48  SCV, Marine  
  34  4:49  Missile Turret  
  37  4:57  Missile Turret  
  37  4:58  Marine x2  
  37  4:59  SCV  
  40  5:00  SCV  
  40  5:01  Stimpack  
  41  5:11  SCV  
  42  5:15  Marine x2  
  42  5:16  Starport Reactor  
  42  5:19  Factory  
  44  5:23  SCV  
  44  5:28  Barracks  
  45  5:31  Supply Depot  
  45  5:33  Marine x2  
  45  5:34  Refinery, SCV  
  48  5:40  Terran Infantry Weapons Level 1  
  48  5:51  Refinery  
  48  5:53  Siege Tank  
  51  6:00  SCV  
  51  6:01  SCV  
  53  6:06  Supply Depot  
  53  6:09  Medivac  
  55  6:13  Factory Tech Lab  
  55  6:15  Barracks Reactor  
  55  6:22  Supply Depot, Marine x2  
  57  6:25  Medivac  
  57  6:31  Engineering Bay, Marine  
  60  6:40  Marine  
  61  6:53  Medivac  
  63  6:54  Marine  
  63  6:55  Marine x2  
  63  6:56  Siege Tank  
  69  7:03  Command Center  
  69  7:08  Marine x2  
  71  7:18  Siege Tank  
  74  7:24  Marine x2  
  76  7:30  Terran Infantry Armor Level 1  
  76  7:31  Barracks  
  76  7:39  Medivac  
  78  7:51  Armory  
  78  8:00  Supply Depot  
  78  8:01  Supply Depot  
  78  8:15  Liberator, Marine x4  
  82  8:24  SCV x2  
  82  8:26  Orbital Command  
  84  8:29  Barracks Reactor  
  84  8:34  Marine x4  
  88  8:38  Supply Depot  
  91  8:45  Siege Tank  
  94  8:58  Terran Infantry Weapons Level 2  
  94  9:00  Combat Shields  
  94  9:10  Orbital Command  
  94  9:18  Marine x3  
  97  9:25  Marine x2  
  99  9:36  Marine x3  
  99  9:37  Siege Tank  
  105  9:41  SCV  
  105  9:43  Marine x2  
  108  9:46  SCV x2  
  108  9:52  Siege Tank  
  113  9:53  Medivac, SCV  
  113  9:58  SCV  
  117  10:04  SCV  
  117  10:14  Supply Depot  
  117  10:15  Supply Depot  
  117  10:35  SCV x2  
  119  10:36  Refinery, SCV  
  119  10:42  Refinery  
  120  10:46  Marine x4  
  120  10:47  SCV, Marine  
  126  10:52  Missile Turret  
  126  10:59  Missile Turret  
  126  11:04  Marine x3  
  126  11:05  Medivac x2  
  133  11:18  Command Center, SCV  
  133  11:19  Supply Depot  
  133  11:20  Supply Depot  
  133  11:37  Marine  
  133  11:40  Marine  
  133  11:41  SCV x3, Marine x5  
  133  11:42  Viking  
  142  11:53  SCV  
  143  12:00  Missile Turret  
  143  12:05  SCV  
  144  12:09  Sensor Tower  
  143  12:17  SCV  
  144  12:27  Marine x2  
  144  12:28  Marauder  
  148  13:01  Marine x3  
  148  13:02  Marine x4  
  148  13:04  Command Center  
  155  13:07  Siege Tank x2  
  161  13:19  Marine x3  
  164  13:35  Supply Depot  
  164  13:37  Supply Depot  
  164  13:56  Marauder, Viking x2, Marine x2  
  164  13:58  Marine x4  
  176  14:14  Marine x2  
  176  14:16  Marine x4  
  182  14:18  Marauder  
  184  14:32  Marine x2  
  184  14:34  Marine x4  
  190  14:39  Marine  
  191  14:49  Marine x2  
  191  14:56  Terran Infantry Weapons Level 3  
  187  15:00  Planetary Fortress  
  187  15:07  Marine  
  187  15:11  Marine x3  
  187  15:12  Marauder  
  193  15:14  SCV  
  194  15:24  Refinery  
  194  15:26  Refinery, Missile Turret, SCV  
  194  15:28  Missile Turret  
  195  15:42  SCV  
  160  16:05  SCV  
  120  16:23  Marine x4  
  120  16:24  Marine x3  
  127  16:28  Command Center  
  127  16:34  SCV  
  127  16:35  SCV x2  
  130  16:41  Marine x5  
  130  16:42  Marine x2  
  130  16:46  SCV  
  138  16:47  SCV x2  
  138  16:49  Medivac x2  
  144  16:58  SCV  
  144  16:59  SCV x2, Marine x7  
  154  17:03  Engineering Bay  
  154  17:13  Siege Tank x2  
  160  17:17  Marine x7  
  160  17:19  Medivac  
  169  17:27  Planetary Fortress  
  169  17:33  Terran Infantry Armor Level 2  
  169  17:34  Marine x2  
  169  17:35  Marine x3  
  167  17:38  Viking  
  169  17:45  Planetary Fortress  
  169  17:47  Missile Turret  
  169  17:49  Viking  
  169  18:06  SCV x2  
  171  18:30  Marine x7  
  178  18:43  Viking x2  
  178  18:47  Marine  
  178  18:48  Marine x4  
  186  18:49  Starport  
  137  19:02  Marine  
  137  19:03  Marine  
  137  19:05  Marine x2  
  137  19:06  Marine x2  
  137  19:09  Marine  
  139  19:13  Viking  
  142  19:20  Marine x2  
  142  19:23  Marine x4  
  145  19:27  Marine  
  145  19:28  Viking x2  
  141  19:38  Marine x2  
  137  19:41  Marine x4  
  137  19:45  Marine  
  131  19:56  Marine x2  
  131  19:59  Marine x4  
  135  20:03  Marine  
  136  20:14  Refinery  
  136  20:15  Refinery  
  136  20:16  Viking  
  136  20:17  Viking  
  139  20:32  Viking  
  137  20:46  Viking x2  
  137  20:47  Missile Turret  
  138  21:00  Marine x3  
  138  21:02  Viking  
  139  21:16  Viking x2  
  143  21:32  Viking  
  145  21:38  Starport  
  145  21:39  SCV  
  146  21:46  Viking  
  148  21:51  SCV  
  148  22:02  Viking  
  148  22:03  SCV  
  148  22:15  SCV, Marine x5  
  134  22:16  Marine x2  
  140  22:33  Marine x7  
  140  22:51  SCV, Marine x7  
  134  22:52  SCV x3  
  134  22:56  Terran Infantry Armor Level 3  
  143  22:59  Viking x2  
  143  23:00  Starport Reactor  
  143  23:01  Starport Reactor  
  143  23:03  SCV  
  148  23:08  Marine x2  
  148  23:09  Marine x4  
  154  23:15  SCV  
  155  23:28  Command Center  
  155  23:29  Viking x2  
  159  23:37  Missile Turret  
  159  23:40  Refinery  
  159  23:41  Missile Turret  
  159  23:46  Sensor Tower  
  159  23:59  Viking x2  
  159  24:00  SCV  
  164  24:03  Missile Turret  
  162  24:12  SCV  
  162  24:28  Marine x6  
  167  24:37  Marine  
  168  24:41  Siege Tank x2  
  168  24:42  Medivac  
  174  24:45  Marine  
  174  24:46  Marine x4  
  174  24:52  Marine  
  157  24:55  Marine  
  155  25:03  Marine x3  
  155  25:04  Marine x2  
  157  25:10  Marine  
  157  25:12  Marine  
  157  25:13  Siege Tank x2  
  159  25:21  Marine x4  
  159  25:22  Marine  
  159  25:25  SCV  
  163  25:35  Marine  
  163  25:36  Marauder  
  163  25:37  SCV  
Show
View Real Time Build Order
Export as new Build Order

Nickos Terran 

Build Orders: Reaper Expand, MMM Bio 

Get SALT Encoding   

  12  0:01  SCV  
  13  0:13  SCV  
  14  0:23  Supply Depot  
  14  0:25  SCV  
  15  0:44  SCV  
  15  0:45  Barracks  
  16  0:51  Refinery  
  16  0:56  SCV  
  17  1:08  SCV  
  18  1:20  SCV  
  19  1:34  Reaper  
  19  1:35  Orbital Command  
  20  1:46  Command Center  
  20  2:01  Supply Depot  
  20  2:06  Barracks  
  20  2:07  SCV  
  21  2:12  Marine  
  22  2:19  SCV  
  22  2:21  Refinery  
  22  2:32  SCV  
  23  2:37  Barracks Reactor  
  23  2:44  Factory, SCV  
  24  2:56  SCV  
  25  2:59  Barracks Tech Lab  
  25  3:04  Supply Depot  
  25  3:08  SCV, Factory  
  26  3:27  Orbital Command, SCV  
  26  3:29  Marine x3  
  26  3:30  Factory Reactor  
  29  3:56  SCV x2  
  29  3:58  Marine  
  29  3:59  Marine x2  
  34  4:03  Factory Tech Lab  
  34  4:04  Barracks  
  34  4:06  Stimpack  
  34  4:08  SCV x2  
  36  4:17  Marine  
  36  4:18  Marine  
  38  4:29  SCV x2  
  40  4:41  SCV x2  
  42  4:47  Starport  
  42  4:53  SCV  
  42  4:54  SCV  
  42  4:55  Supply Depot x2  
  42  4:59  Infernal Pre-Igniter  
  44  5:03  Marine x2  
  44  5:04  Marine  
  44  5:05  SCV  
  44  5:06  SCV  
  49  5:17  SCV  
  49  5:18  SCV  
  49  5:19  Barracks Reactor  
  49  5:21  Marine  
  51  5:26  Command Center  
  51  5:27  Marine x2  
  54  5:30  SCV  
  54  5:34  Siege Tank  
  58  5:39  Marine  
  59  5:45  SCV x2  
  59  5:48  Marine x2  
  63  5:50  Factory Reactor  
  63  5:57  SCV x2, Supply Depot, Marine x3  
  63  6:00  Supply Depot  
  63  6:02  Liberator  
  68  6:06  Marine x2  
  70  6:21  Supply Depot  
  70  6:22  SCV x2  
  70  6:23  Supply Depot  
  75  6:33  Marine x3  
  75  6:34  Widow Mine x2, SCV, Marine  
  75  6:35  Widow Mine  
  86  6:48  Marauder  
  86  6:51  Supply Depot  
  88  6:54  Engineering Bay, SCV x2  
  88  6:55  Engineering Bay  
  90  7:03  Widow Mine x3  
  90  7:06  Combat Shields  
  96  7:10  Refinery, Marauder  
  96  7:13  SCV x2  
  100  7:20  Marine  
  100  7:21  Marine x2  
  103  7:24  Terran Infantry Armor Level 1  
  103  7:25  SCV  
  103  7:26  SCV  
  103  7:28  Orbital Command  
  103  7:29  Marine  
  105  7:31  Marine  
  107  7:40  Marine x3  
  107  7:42  Medivac  
  118  7:56  Marine x2  
  118  7:57  Medivac  
  118  7:58  Marine  
  117  8:00  Widow Mine, Hellion  
  117  8:02  Marine x2  
  123  8:14  Marine x2  
  123  8:19  Marine x2  
  126  8:20  Siege Tank  
  130  8:27  SCV  
  130  8:28  SCV x2  
  130  8:31  Command Center  
  133  8:35  Supply Depot x2  
  133  8:37  Supply Depot  
  133  8:40  SCV  
  134  8:46  SCV x2  
  134  8:47  Marine x4  
  140  8:52  SCV  
  140  8:56  Medivac  
  140  8:59  SCV x2  
  140  9:00  Barracks  
  140  9:02  Barracks  
  144  9:03  Marine  
  144  9:04  SCV  
  144  9:05  Marine x4  
  150  9:11  Widow Mine x2  
  150  9:12  Widow Mine  
  150  9:13  Terran Infantry Weapons Level 1  
  156  9:20  Armory  
  156  9:21  Marine  
  156  9:22  Marine  
  156  9:23  Marine  
  159  9:25  Refinery  
  159  9:28  SCV x3  
  159  9:29  Marine x2  
  164  9:37  Barracks x2  
  164  9:38  Marine  
  164  9:42  Marine x2  
  164  9:43  Medivac  
  168  9:46  Marine  
  168  9:50  Marine  
  168  9:51  Barracks Tech Lab x2  
  170  9:55  Supply Depot  
  170  10:06  Marine  
  170  10:07  Marine x3  
  171  10:08  Widow Mine x3  
  171  10:11  Marauder x2  
  184  10:23  SCV x3  
  184  10:25  Marauder  
  188  10:31  Terran Infantry Armor Level 2  
  188  10:33  Marauder x2  
  188  10:35  SCV x2  
  194  10:36  Widow Mine  
  196  10:53  Barracks Tech Lab x2  
  196  10:55  Concussive Shells  
  196  11:51  Medivac x2  
  196  11:52  Terran Infantry Weapons Level 2  
  200  12:01  Marine  
  200  12:53  Barracks x3  
  200  12:54  Barracks  
  200  13:21  Marine  
  200  13:22  Marine  
  200  13:24  Marauder  
  200  13:49  Planetary Fortress  
  200  13:53  Starport  
  200  13:56  Starport  
  200  13:57  Starport  
  200  14:02  Marine  
  200  14:03  Marauder  
  200  14:13  Marine  
  199  14:20  Marine  
  200  14:30  Marauder x2  
  194  14:38  Marine  
  171  14:39  Marine x3  
  171  14:40  Marine x2  
  167  14:51  Marine x2  
  169  14:56  Marine x2  
  169  14:57  Marine x4  
  169  14:58  Marine  
  170  15:08  Marine x2  
  170  15:14  Starport Tech Lab x3, Marine x2  
  172  15:15  Marine x2  
  172  15:21  Fusion Core  
  176  15:26  Marine x2  
  176  15:27  Marine x3  
  181  15:31  Marine  
  181  15:32  Marine x2  
  181  15:33  Marine  
  185  15:39  Command Center  
  180  15:44  Marine  
  172  16:00  Marine x2  
  172  16:01  Marine x5  
  172  16:02  Marine x2  
  103  16:18  Marine x3  
  101  16:19  Marine x3  
  101  16:25  Battlecruiser x2  
  119  16:26  Battlecruiser, Marine x2  
  119  16:27  Marine  
  128  16:36  Marine x4  
  128  16:37  Marine x2  
  134  16:40  Barracks x2  
  134  16:42  Refinery  
  134  16:43  Barracks x2  
  134  16:44  Refinery  
  134  16:45  Marauder x2  
  134  16:46  Barracks  
  138  16:55  Marauder x2  
  142  17:05  Marine x4  
  142  17:06  Marine  
  147  17:12  Planetary Fortress  
  147  17:22  Marine x2  
  148  17:23  Marine x2  
  148  17:24  Medivac  
  153  17:44  Barracks Reactor  
  153  17:45  Marine  
  153  17:46  Marine x3  
  153  17:47  Marine  
  160  17:55  Marine x4  
  160  17:56  Marine x2  
  166  18:03  Marine x2  
  166  18:04  Marine x2  
  148  18:13  Marine x4  
  148  18:14  Marine  
  153  18:21  Marine x3  
  153  18:22  Marine  
  156  18:31  Marine x4  
  160  18:52  Marine x4  
  148  18:57  Marine x3  
  148  18:58  Marine x2  
  142  19:09  Marine  
  142  19:10  Marine x3  
  142  19:15  Marine x4  
  142  19:16  Marine  
  151  19:27  Marine x2  
  151  19:28  Marine x2  
  143  19:33  Marine x4  
  143  19:37  Marine  
  141  19:45  Marine x3  
  128  19:46  Marine  
  128  19:50  Marine  
  128  19:51  Marine x3  
  134  19:55  Marine  
  130  20:03  Marine x3  
  130  20:04  Marine  
  110  20:08  Marine x2  
  110  20:09  Refinery, Marine x2  
  110  20:13  Marine  
  115  20:21  Marine x4  
  114  20:26  Marine x2  
  114  20:27  Marine x2  
  115  20:31  Marine  
  116  20:38  Marine  
  116  20:39  Marine x3  
  117  20:44  Marine x3  
  117  20:45  Marine  
  117  20:49  Marine  
  107  20:56  Marine x2  
  105  20:57  Marine x2  
  105  21:02  Marine x4  
  110  21:07  Marine  
  93  21:14  Marine x2  
  91  21:22  Marine x2  
  91  21:23  Marine x4  
  97  21:30  Marine  
  97  21:32  Marine x2  
  100  21:40  Marine x3  
  100  21:41  Marine x3  
  106  21:48  Marine  
  106  21:50  Marine x2  
  102  21:58  Marine x3  
  102  21:59  Marine  
  93  22:06  Marine  
  93  22:07  Marine  
  93  22:08  Marine  
  95  22:16  Marine x3  
  95  22:17  Marine  
  95  22:24  Marine  
  95  22:26  Marine  
  94  22:31  Marine  
  94  22:34  Marine x3  
  81  22:41  Marine  
  81  22:43  Marine  
  79  22:49  Marine  
  79  22:51  Marine  
  79  22:52  Marine x2  
  82  22:59  Marine  
  82  23:01  Marine  
  82  23:04  Command Center  
  84  23:07  Marine  
  84  23:09  Marine x2  
  84  23:10  Marine  
  88  23:14  SCV x2  
  88  23:17  Marine  
  88  23:19  Marine  
  92  23:25  Marine  
  92  23:26  SCV  
  94  23:27  Marine x2  
  94  23:28  Marine  
  97  23:35  Marine  
  97  23:37  Marine  
  97  23:40  Command Center  
  99  23:43  Marine  
  99  23:45  Marine x2  
  99  23:46  Marine  
  103  23:53  Marine  
  103  23:55  Marine  
  105  24:00  Marine  
  100  24:03  Marine x2  
  100  24:04  Marine  
  103  24:10  Marine  
  103  24:12  Marine  
  105  24:18  Marine  
  105  24:21  Marine x3  
  109  24:28  Marine  
  109  24:30  Marine  
  94  24:36  Marine  
  91  24:38  Marine  
  91  24:39  Marine x2  
  94  24:46  Marine  
  94  24:48  Marine  
  96  24:54  Marine  
  96  24:56  Marine x2  
  96  24:57  Marine  
  94  25:04  Marine  
  94  25:06  Marine  
  95  25:12  Marine  
  94  25:14  Marine x2  
  94  25:15  Marine  
  91  25:22  Marine  
  91  25:24  Marine  
  87  25:29  Marine  
  87  25:32  Marine x2  
  87  25:33  Marine  
  91  25:39  Marine  
  91  25:41  Marine  
  84  25:47  Marine  
  80  25:50  Marine x3  
Tags
 
Add a new tag
Caveats
  • Supply blocks, unpowered buildings, or Contaminate may cause inaccurate times.
  • Supply counts are checked every 10 seconds.